 Dungeon Crawl Stone Soup version 0.27-a0-1319-geec4fb4e21 (webtiles) character file.

Game seed: 14243585048903216016

4078 Zonian the Destroyer (level 10, 0/53 HPs)
             Began as a Tengu Conjurer on June 21, 2021.
             Was a Follower of Vehumet.
             Slain by a wolf (3 damage)
             ... led by Grum
             ... on level 8 of the Dungeon.
             The game lasted 00:24:12 (14672 turns).

Zonian the Destroyer (Tengu Conjurer)              Turns: 14672, Time: 00:24:13

Health: 0/53       AC:  3    Str: 15    XL:     10   Next: 25%
Magic:  0/23       EV: 17    Int: 21    God:    Vehumet [*.....]
Gold:   414        SH:  0    Dex: 18    Spells: 18/25 levels left

rFire    . . .     SeeInvis .   k - +4 dagger (speed)
rCold    . . .     Faith    .   (no shield)
rNeg     . . .     Spirit   +   a - +1 robe
rPois    .         Reflect  .   (helmet restricted)
rElec    .         Harm     .   (no cloak)
rCorr    .         Rampage  .   (no gloves)
Will     .....                  (boots unavailable)
Stlth    +++.......             u - amulet of guardian spirit
HPRegen  0.17/turn              t - +6 ring of strength
MPRegen  0.18/turn              n - +6 ring of dexterity

@: flying quickly and evasively, quick
A: beak, talons 3, nimble flight
a: Renounce Religion


You were on level 8 of the Dungeon.
You worshipped Vehumet.
Vehumet was aware of your devotion.
You visited 2 branches of the dungeon, and saw 9 of its levels.

You collected 414 gold pieces.

Inventory:

Hand Weapons
 e - a +0 dagger
 k - a +4 dagger of speed (weapon)
 r - a +2 mace of protection
 s - a +0 falchion
 y - a +0 rapier
 A - a +3 hand axe
Missiles
 m - 3 atropa-tipped darts
 o - 8 boomerangs
 w - a curare-tipped dart
Armour
 a - a +1 robe (worn)
 p - a +0 scale mail of cold resistance
 G - +0 acid dragon scales
Magical Staves
 q - a staff of air
Jewellery
 c - a ring of protection from fire
 n - a +6 ring of dexterity (right hand)
 t - a +6 ring of strength (left hand)
 u - an amulet of guardian spirit (around neck)
 v - a ring of fire
Wands
 d - a wand of polymorph (14)
 z - a wand of digging (4)
 C - a wand of flame (23)
Scrolls
 b - a scroll of enchant armour
 f - 5 scrolls of teleportation
 i - a scroll of magic mapping
 j - a scroll of noise
 E - a scroll of silence
Potions
 g - a potion of flight
 h - a potion of ambrosia
 l - a potion of mutation
 x - a potion of cancellation
 B - a potion of curing
 F - a potion of brilliance


   Skills:
 + Level 2.1 Fighting
 + Level 1.9 Short Blades
 + Level 4.7 Dodging
 + Level 5.1 Stealth
 + Level 8.0 Spellcasting
 + Level 12.5 Conjurations
 * Level 2.8 Translocations


You had 18 spell levels left.
You knew the following spells:

 Your Spells              Type           Power      Damage    Failure   Level
a - Magic Dart            Conj           100%       1d8       1%          1
b - Searing Ray           Conj           100%       3d7       1%          2
c - Iskenderun's Mystic   Conj/Tloc      40%        2d9       3%          4

Your spell library contained the following spells:

 Spells                   Type           Power      Damage    Failure   Level
 Sandblast                Erth           16%        2d6       8%          1
 Foxfire                  Conj/Fire      100%       2x1d9     1%          1
 Conjure Flame            Conj/Fire      34%        6-21      1%          3
 Dazzling Flash           Conj/Hex       68%        N/A       1%          3
 Fulminant Prism          Conj/Hex       17%        3d11      6%          4
 Hailstorm                Conj/Ice       34%        3d9       6%          4
 Sticky Flame             Conj/Fire      34%        2d5       6%          4
 Freeze                   Ice            32%        1d5       8%          1
 Fireball                 Conj/Fire      17%        3d9       17%         5
 Frozen Ramparts          Ice            16%        1d3       24%         3
 Inner Flame              Hex/Fire       8%         N/A       24%         3
 Ozocubu's Armour         Ice            8%         N/A       24%         3
 Metabolic Englaciation   Hex/Ice        4%         N/A       91%         5


Dungeon Overview and Level Annotations

Branches:
Dungeon (8/15)             Temple (1/1) D:5
   Lair: D:8-11

Altars:
Ashenzari
Cheibriados
Dithmenos
Elyvilon
Fedhas
Gozag
Hepliaklqana
Kikubaaqudgha
Makhleb
Nemelex Xobeh
Okawaru
Qazlal
Ru
Sif Muna
Trog
Uskayaw
Vehumet
Wu Jian
Xom
The Shining One

Annotations:
D:3 1 runed translucent door, Crazy Yiuf
D:7 Joseph
D:8 Grum


Innate Abilities, Weirdness & Mutations

You have a beak for a mouth.
You have claws for feet.
Your magical nature lets you fly swiftly and evasively.


Message History

The searing ray hits Grum!
Grum is heavily wounded. (Press . to maintain the ray.)
The wolf bites you.
* * * LOW HITPOINT WARNING * * *
The searing ray hits the wolf.
The wolf is almost dead.
The searing ray misses Grum.
The wolf misses you. The wolf closely misses you.
Unknown command.
The searing ray misses the wolf.
The searing ray misses Grum.
The wolf completely misses you. Grum barely misses you. The wolf bites you.
* * * LOW HITPOINT WARNING * * *
Unknown command.
The searing ray misses the wolf.
The searing ray hits Grum!
Grum is severely wounded.
You finish channeling your searing ray.
The wolf barely misses you. Grum barely misses you. The wolf bites you.
Unknown command.
Casting: Searing Ray (safe; 1% risk of failure)
Confirm with . or Enter, or press ? or * to list all spells.
Aiming: Searing Ray (safe; 1% risk of failure)
Press: ? - help, Shift-Dir - straight line, f/p - Grum
Aim: Grum, wielding a +1 glaive and wearing a +0 animal skin (severely wounded, 85% to hit)
The searing ray misses the wolf.
The searing ray hits Grum.
Grum is almost dead. (Press . to maintain the ray.)
The wolf bites you.
* * * LOW HITPOINT WARNING * * *
Grum misses you. The wolf closely misses you. The wolf barely misses you.
Grum stares intently and barks.
The wolf completely misses you.
Okay, then.
Okay, then.
The wolf howls!
The wolf completely misses you. The wolf barely misses you. The wolf bites you.
You die...

#.#.# ##'#######.##..........
#.#.#######.......##.##†###.#####
#.#.##............##.##.# #.#
..................'.....# #.#####
..#.##.####(g....)##.##.###......
###.##.# #.h.....##......#......
....##.####.......#####...#......
######..÷.'...............#.#####
######....h@.######..#.# #
#######............#..#>#####
#.....#............#..#......
#####.....######.......#........#
..........'....'.......'........+
#####.....######.......#.#####..#
#.....# #.......#..# #..# ##....#
#.......##.# #..# ##...#
#.......##.## #..#


You could see Grum and 2 wolves.

Vanquished Creatures
  Prince Ribbit (D:6)
  Sigmund (D:3)
  5 yaks (D:8)
  A steam dragon (D:6)
  An acid dragon (D:8)
  A water moccasin (D:6)
  3 ice beasts
  A black bear (D:5)
  2 orc warriors
  3 necrophages
  An ogre (D:5)
  2 wolves (D:8)
  A centaur (D:5)
  A phantom (D:5)
  2 kobold brigands
  2 bullfrogs
  2 wyvern zombies (D:8)
  2 scorpions (D:6)
  A water moccasin skeleton (D:6)
  4 killer bees (D:7)
  A wight (D:8)
  2 centaur zombies
  2 hounds (D:5)
  A jelly (D:5)
  3 orc priests
  Jessica (D:3)
  An iguana (D:6)
  8 orc wizards
  A scorpion zombie (D:5)
  5 adders
  An ufetubus (D:4)
  3 worms
  2 dart slugs (D:2)
  27 orcs
  4 endoplasms
  4 giant cockroaches
  7 goblins
  6 hobgoblins
  8 jackals
  3 quokkas
  11 ball pythons
  4 bats (D:3)
  3 frilled lizards
  16 kobolds
  2 quokka zombies (D:7)
163 creatures vanquished.

Vanquished Creatures (others)
  A plant (D:1)
  5 withered plants (D:3)
6 creatures vanquished.

Grand Total: 169 creatures vanquished

Notes
Turn   | Place    | Note
-------+----------+-------------------------------------------
     0 | D:1      | Zonian the Tengu Conjurer began the quest for the Orb.
     0 | D:1      | Reached XP level 1. HP: 10/10 MP: 4/4
    58 | D:1      | Found a faded altar of an unknown god.
   518 | D:1      | Reached XP level 2. HP: 15/15 MP: 3/6
  1102 | D:2      | Found a hazy altar of Hepliaklqana.
  1247 | D:2      | Reached skill level 6 in Conjurations
  1247 | D:2      | Reached XP level 3. HP: 19/19 MP: 3/7
  2066 | D:3      | Noticed Jessica
  2073 | D:3      | Killed Jessica
  2074 | D:3      | Reached skill level 7 in Conjurations
  2074 | D:3      | Reached XP level 4. HP: 22/24 MP: 1/8
  2243 | D:3      | Learned a level 2 spell: Searing Ray
  2320 | D:3      | Found a hide-covered altar of Uskayaw.
  2341 | D:3      | You fall into a shaft and drop 1 floor!
  2610 | D:3      | Found an ancient bone altar of Kikubaaqudgha.
  2719 | D:3      | Noticed Sigmund
  2819 | D:3      | Found a runed translucent door.
  2820 | D:3      | Noticed Crazy Yiuf
  3225 | D:3      | Gained mutation: Your magical nature lets you fly swiftly
                  | and evasively. [Tengu growth]
  3225 | D:3      | Reached XP level 5. HP: 28/28 MP: 7/9
  3871 | D:3      | Killed Sigmund
  3872 | D:3      | Reached XP level 6. HP: 33/33 MP: 4/12
  4654 | D:4      | Found a hazy altar of Hepliaklqana.
  4693 | D:4      | Reached skill level 8 in Conjurations
  4895 | D:4      | Noticed a necrophage
  4905 | D:4      | Killed a necrophage
  4906 | D:4      | Reached skill level 1 in Short Blades
  5220 | D:5      | Entered Level 5 of the Dungeon
  5225 | D:5      | Noticed a necrophage
  5231 | D:5      | Killed a necrophage
  5232 | D:5      | Reached XP level 7. HP: 37/37 MP: 6/13
  5391 | D:5      | Reached skill level 1 in Fighting
  5776 | D:5      | Reached skill level 9 in Conjurations
  6063 | D:5      | Found a staircase to the Ecumenical Temple.
  6109 | Temple   | Entered the Ecumenical Temple
  6183 | Temple   | Became a worshipper of Vehumet
  6493 | D:5      | Found a bloodstained altar of Trog.
  6496 | D:5      | Found an iron altar of Okawaru.
  6501 | D:5      | Found a broken altar of Ashenzari.
  6530 | D:5      | Reached XP level 8. HP: 43/43 MP: 10/16
  7152 | D:5      | Reached skill level 5 in Spellcasting
  7390 | D:6      | Noticed Prince Ribbit
  7395 | D:6      | Killed Prince Ribbit
  7396 | D:6      | Reached skill level 10 in Conjurations
  8736 | D:6      | Reached XP level 9. HP: 47/47 MP: 16/19
  9021 | D:6      | Reached skill level 11 in Conjurations
  9783 | D:6      | Learned a level 4 spell: Iskenderun's Mystic Blast
 10234 | D:6      | Found a burning altar of Makhleb.
 10241 | D:6      | Found a shimmering blue altar of Sif Muna.
 10917 | D:7      | Noticed Joseph
 10918 | D:7      | Reached skill level 1 in Translocations
 11030 | D:7      | Reached * piety under Vehumet
 11030 | D:7      | Offered knowledge of Sandblast by Vehumet.
 11603 | D:7      | Found a glowing golden altar of the Shining One.
 12336 | D:7      | Found an ornate altar of the Wu Jian Council.
 12653 | D:8      | Reached skill level 5 in Stealth
 13156 | D:8      | Reached skill level 12 in Conjurations
 13156 | D:8      | Reached XP level 10. HP: 53/53 MP: 14/22
 13754 | D:8      | Noticed a deep troll
 14637 | D:8      | Noticed Grum
 14662 | D:8      | HP: 2/53 [wolf[Grum] (3)]
 14672 | D:8      | Slain by a wolf

Illustrated notes

Levels and vault maps discovered:
D:1:      dpeg_arrival_central, layout_loops_ring, shapermc_ecumenical_altar_gd,
          serial_forest, infiniplex_forest_clump_diagonal,
          infiniplex_forest_lined_corner, infiniplex_forest_lined_3,
          infiniplex_forest_clump_double, infiniplex_forest_zigzag_1,
          infiniplex_forest_zigzag_1, infiniplex_forest_clump_diagonal,
          infiniplex_forest_zigzag_1, infiniplex_forest_lined_room_
D:2:      layout_basic, basic_altar
D:3:      layout_basic, kiku_gazebo_garden_becter,
          nicolae_overflow_crystal_walls, minmay_misc_feat_roman,
          grunt_decor_resistance, mrwooster_statue_mirror,
          uniq_crazy_yiuf_cottage, uniq_jessica, uniq_sigmund
D:4:      layout_cave_pods, nicolae_hepliaklqana_hippocampus
D:5:      layout_loops_corners, grunt_temple_overflow_diamond,
          minmay_temple_entry_glass
D:6:      layout_basic, minitemple, abandoned_shop, minmay_misc_feat_tiny,
          minivault_11, uniq_prince_ribbit1
D:7:      layout_loops_ring, tso_altar, kennysheep_mini, enter_ossuary_4,
          uniq_joseph
D:8:      layout_basic, st_stairs_13, nicolae_stop_n_shop_1,
          hellmonk_guarded_unrand_vitality_bloodlust, uniq_grum
Temple:   jpeg_temple_alley_garden

Skill      XL: |  1  2  3  4  5  6  7  8  9 10 |
---------------+-------------------------------+-----
Conjurations   | 6 7 8 9 10 12 | 12.5
Dodging        | 3 4 |  4.7
Spellcasting   | 3 4 6 7 8 |  8.0
Short Blades   | 1 |  1.9
Stealth        | 3 4 5 |  5.1
Fighting       | 1 2 |  2.1
Translocations | 2 |  2.8

Action                   |  1- 3 |  4- 6 |  7- 9 | 10-12 || total
-------------------------+-------+-------+-------+-------++-------
Melee: Unarmed           |     4 |       |       |       ||     4
       Kick              |     4 |     1 |     6 |     1 ||    12
       Peck              |     3 |     1 |     4 |       ||     8
       Dagger            |    11 |    16 |    17 |     1 ||    45
 Cast: Magic Dart        |    60 |   102 |   177 |    39 ||   378
       Searing Ray       |       |     4 |    43 |     9 ||    56
       Iskenderun's Myst |       |       |       |     2 ||     2
  Use: Potion            |       |     2 |       |     1 ||     3
       Scroll            |       |    11 |     6 |     2 ||    19
 Stab: Sleeping          |       |       |     2 |       ||     2
Armor: Robe              |    10 |     8 |    14 |     5 ||    37
Dodge: Dodged            |    29 |    26 |    75 |    39 ||   169

Table legend: (Time is in decaauts)
 A = Elapsed time spent in this place.
 B = Non-inter-level travel time spent in this place.
 C = Inter-level travel time spent in this place.
 D = Time resting spent in this place.
 E = Time spent auto-exploring this place.
 F = Levels seen in this place.
 G = Mean time per level.
                   A        B        C        D        E       F      G
               +--------+--------+--------+--------+--------+-----+--------+
         Total |  14259 |  13958 |    301 |   6589 |   5309 |   9 | 1584.3 |
       Dungeon |  14167 |  13888 |    279 |   6589 |   5251 |   8 | 1770.9 |
        Temple |     91 |     69 |     22 |      0 |     58 |   1 |   91.0 |
               +--------+--------+--------+--------+--------+-----+--------+

Top non-repeatable levels by time:
     D:6: 3556 daAuts
     D:5: 1982 daAuts
     D:7: 1813 daAuts
     D:8: 1698 daAuts
     D:3: 1521 daAuts
     D:4: 1404 daAuts
     D:2: 1233 daAuts
     D:1: 957 daAuts
  Temple: 91 daAuts
